 Dungeon Crawl Stone Soup version 0.25-a0-614-g73ad250637 (webtiles) character file.

Game seed: 14916277647431003822, levelgen mode: deterministic

7 n0claF the Shooter (level 2, -1/22 HPs)
             Began as a Human Hunter on Mar 17, 2020.
             Succumbed to a goblin's poison
             ... on level 1 of the Dungeon.
             The game lasted 00:00:52 (35 turns).

n0claF the Shooter (Human Hunter)                     Turns: 35, Time: 00:00:53

Health: -1/22      AC:  3    Str: 12    XL:     2   Next: 10%
Magic:  2/2        EV: 12    Int: 11    God:
Gold:   0          SH:  0    Dex: 13    Spells: 1/1 levels left

rFire    . . .     SeeInvis .   b - +0 short sword
rCold    . . .     Gourm    .   (no shield)
rNeg     . . .     Faith    .   c - +0 leather armour
rPois    .         Spirit   .   (no helmet)
rElec    .         Reflect  .   (no cloak)
rCorr    .         Harm     .   (no gloves)
MR       .....                  (no boots)
Stlth    +.........             (no amulet)
HPRegen  0.07/turn              (no ring)
MPRegen  0.08/turn              (no ring)

@: lethally poisoned (-1 -> -25)
A: no striking features
a: no special abilities


You were on level 1 of the Dungeon.
You were not hungry.

You visited 1 branch of the dungeon, and saw 1 of its levels.

Inventory:

Hand Weapons
 a - a +1 shortbow
 b - a +0 short sword (weapon)
Missiles
 d - 20 arrows
Armour
 c - a +0 leather armour (worn)
Comestibles
 e - a ration {!d}
 f - 3 chunks of flesh


   Skills:
 + Level 2.1 Fighting
 * Level 4.1 Bows
 + Level 2.1 Dodging
 + Level 1.2 Stealth


You had one spell level left.
You didn't know any spells.
Your spell library was empty.

Dungeon Overview and Level Annotations

Branches:
Dungeon (1/15)

Altars:


Message History

You see here a rat skeleton. x2
An ooze and a goblin come into view.
The goblin is wielding a +2 dagger of venom.
The goblin shouts!
Found a pair of gloves.
The goblin closely misses you.
You hit the ooze. The goblin barely misses you. The ooze completely misses you.
The goblin barely misses you. The ooze barely misses you.
You hit the ooze. The goblin hits you but does no damage.
You are poisoned.
The ooze hits you.
You hit the ooze but do no damage.
You feel sick. The goblin barely misses you. The ooze barely misses you.
You hit the ooze.
You feel sick. The goblin closely misses you. The ooze misses you.
You hit the ooze.
You kill the ooze!
You have reached level 2!
You feel sick. The goblin completely misses you.
You barely miss the goblin.
You feel sick. The goblin hits you but does no damage.
You are lethally poisoned!
You barely miss the goblin.
You feel sick. The goblin closely misses you.
* * * LOW HITPOINT WARNING * * *
You feel sick.
* * * LOW HITPOINT WARNING * * *
You feel sick. The goblin hits you but does no damage.
You are more poisoned.
* * * LOW HITPOINT WARNING * * *
You feel sick. The goblin hits you but does no damage.
You are more poisoned.
You hit the goblin.
You kill the goblin!
* * * LOW HITPOINT WARNING * * *
You feel sick.
There is a lethal amount of poison in your body!
You aren't carrying any potions.
* * * LOW HITPOINT WARNING * * *
You feel sick.
* * * LOW HITPOINT WARNING * * *
You feel sick.
Unknown command.
Unknown command.
Unknown command.
Unknown command.
Unknown command.
Unknown command.
* * * LOW HITPOINT WARNING * * *
You feel sick.
You die...

# # #. #.##.####
......## #.#...###.#.
#.[.........
###)@.###.#. ####.##
#....# #.#### ###.###
#.....#######
...##...........#
.......÷÷.'#≈≈≈## .
...##.....#.....#....


There were no monsters in sight!

Vanquished Creatures
  An ooze (D:1)
  2 goblins (D:1)
  A rat (D:1)
4 creatures vanquished.

Notes
Turn   | Place    | Note
-------+----------+-------------------------------------------
     0 | D:1      | n0claF the Human Hunter began the quest for the Orb.
     0 | D:1      | Reached XP level 1. HP: 16/16 MP: 1/1
    25 | D:1      | Reached XP level 2. HP: 15/22 MP: 2/2
    34 | D:1      | HP: 1/22 [poisoned by a goblin]
    35 | D:1      | Succumbed to a goblin's poison

Levels and vault maps discovered:
D:1:      dpeg_arrival_rooms_with_view, layout_loops_ring,
          minmay_parallelograms, minmay_close_crescents

Action                   || total
-------------------------++-------
Melee: Short sword       ||    11
Armor: Leather armour    ||     3
Dodge: Dodged            ||    11

Table legend:
 A = Non-vault XP
 B = Vault XP
 C = Vault XP percentage of total XP
 D = Non-vault monster count
 E = Vault monster count
 F = Vault count percentage of total count
                 A         B        C        D         E       F
            +---------+---------+-------+---------+---------+-------
      Total |      11 |       0 |   0.0 |       4 |       0 |   0.0
            +---------+---------+-------+---------+---------+-------
        D:1 |      11 |       0 |   0.0 |       4 |       0 |   0.0
            +---------+---------+-------+---------+---------+-------
